Cogmind - Beta 12 @@@ ROGUE MODE // 2023.12.16 @ 16:05:25 Player: Dosh Result: Destroyed by X-62 Marksman with Pulse Rifle Performance ------------- Evolutions (2) 1000 Regions Visited (5) 1000 Robots Destroyed (48) 240 Value Destroyed (1237) 1237 Prototype IDs (25) 500 Alien Tech Used (0) 0 Bonus (300) 300 TOTAL SCORE: 4277 Bonus ------- Aligned with FarCom 300 Cogmind --------- Core Integrity 0/550 Matter 116/300 Energy 160/160 System Corruption 23% Temperature Cool (27) Movement Rolling (110) Ox2 Location -8/Materials Parts ------- > --- POWER (1) -------- Light Nuclear Core > --- PROPULSION (4) --- Aluminum Leg Aluminum Leg Wheel > --- UTILITY (4) ------ Improved Heat Sink Large Storage Unit Advanced Targeting Computer Hacking Suite > --- WEAPON (2) ------- Longsword +1 > --- INVENTORY (15) --- Ion Engine Surge Thruster Medium Storage Unit Huge Storage Unit Compact Matter Pod (150) Melee Analysis Suite Maul Peak State ------------ > --- POWER ------------ Deuterium Engine > --- PROPULSION ------- Light Treads Light Treads Light Treads Light Treads > --- UTILITY ---------- Large Storage Unit Advanced Targeting Computer Medium Armor Plating Hacking Suite > --- WEAPON ----------- Advanced Beam Cannon Longsword +1 > --- INVENTORY -------- Ion Engine Wheel Medium Storage Unit Huge Storage Unit Compact Matter Pod Melee Analysis Suite Beam Cannon Minigun Rocket Launcher Maul [Rating: 28] Favorites ----------- Power Light Ion Engine Engine Light Ion Engine Power Core Light Nuclear Core Propulsion Light Treads Treads Light Treads Leg Aluminum Leg Wheel Wheel Utility Large Storage Unit Device Seismic Detector Storage Large Storage Unit Processor Advanced Targeting Computer Hackware Hacking Suite Protection Medium Armor Plating Weapon Light Cannon Energy Gun Beam Rifle Energy Cannon Advanced Beam Cannon Ballistic Gun Light Assault Rifle Ballistic Cannon Light Cannon Launcher Rocket Launcher Slashing Weapon Longsword +1 Build | -11 -10 -10 -10 -9 -8 ------- Run | Jun Mat Min Exi Min Mat Slots Evolved 4 | . . . . . 4 Power . | . . . . . . Propulsion 2 | . . . . . 2 Utility 2 | . . . . . 2 Weapon . | . . . . . . Parts Attached 51 | 6 16 . . . 29 Power 5 | 1 2 . . . 2 Engine 4 | 1 2 . . . 1 Core 1 | . . . . . 1 Reactor . | . . . . . . Propulsion 15 | 2 4 . . . 9 Treads 10 | 2 4 . . . 4 Leg 3 | . . . . . 3 Wheel 2 | . . . . . 2 Hover . | . . . . . . Flight . | . . . . . . Utility 10 | 1 3 . . . 6 Device 3 | . 1 . . . 2 Storage 3 | 1 2 . . . . Processor 1 | . . . . . 1 Hackware 1 | . . . . . 1 Protection 2 | . . . . . 2 Artifact . | . . . . . . Weapon 21 | 2 7 . . . 12 Energy Gun 1 | . . . . . 1 Energy Cannon 4 | . 1 . . . 3 Ballistic Gun 7 | 2 2 . . . 3 Ballistic Cannon 4 | . 4 . . . . Launcher 2 | . . . . . 2 Special Weapon . | . . . . . . Impact Weapon . | . . . . . . Slashing Weapon 3 | . . . . . 3 Piercing Weapon . | . . . . . . Special Melee Weapon . | . . . . . . Unidentified Prototypes 1 | . . . . . 1 Corrupted Parts 2 | . . . . . 2 System Corruption 14 | . . . . . 14 Parts Lost 19 | . 3 . . . 16 Power 3 | . 1 . . . 2 Propulsion 7 | . . . . . 7 Utility 3 | . 1 . . . 2 Weapon 6 | . 1 . . . 5 Highest Loss Streak 11 | . 2 . . . 11 To Critical Strikes . | . . . . . . Average Slot Usage (%) 85 | . 86 100 100 100 73 Engine 10 | . 12 14 14 14 6 Treads 25 | . 28 28 28 28 19 Device 4 | . . 14 14 14 2 Storage 12 | . 14 14 14 14 9 Processor 2 | . . . . . 6 Hackware 2 | . . . . . 8 Protection 2 | . 2 . . . 2 Energy Cannon 1 | . 1 . . . 3 Ballistic Gun 11 | . 13 14 14 14 6 Ballistic Cannon 9 | . 12 14 14 14 3 Naked Turns . | . . . . . . Heaviest Build 43 | 11 30 28 28 28 43 Greatest Support 80 | 40 40 40 40 40 80 Greatest Overweight (x) 7 | . . . . . 7 Average Overweight (x) . | . . . . . . Largest Inventory Capacity 15 | 8 15 15 15 15 15 Average Capacity 14 | 6 13 15 15 15 15 Most Carried 15 | 3 12 9 10 13 15 Average Carried 10 | 1 9 9 9 11 11 Final Capacity 15 | 8 15 15 15 15 15 Final Carried 13 | 3 9 9 10 13 7 Class Distribution -------------------- 97% | Mutant Dominant Class ---------------- Mutant | -10/Materials Mutant | -10/Mines Mutant | -10/Exiles Mutant | -9/Mines Mutant | -8/Materials Resources | -11 -10 -10 -10 -9 -8 ----------- Run | Jun Mat Min Exi Min Mat Matter Collected 1239 | 156 787 . . 20 276 Remotely . | . . . . . . Salvage Created 1332 | . 719 . . . 613 Parts 89 | . 41 . . . 48 Haulers Intercepted 2 | . 2 . . . . Recyclers Shooed 1 | 1 . . . . . Parts Field Recycled . | . . . . . . Retrieved Matter . | . . . . . . Parts Self-Destructed . | . . . . . . Prevented . | . . . . . . Kills | -11 -10 -10 -10 -9 -8 ------- Run | Jun Mat Min Exi Min Mat Combat Hostiles Destroyed 33 | . 16 . . . 17 Melee 5 | . . . . . 5 Guns 4 | . 3 . . . 1 Cannons 19 | . 13 . . . 6 AOE 5 | . . . . . 5 Classes Destroyed 13 | . 6 . . . 7 Worker 2 | . . . . . 2 Builder 1 | . . . . . 1 Tunneler 1 | . . . . . 1 Hauler 2 | . 2 . . . . Recycler 3 | . 2 . . . 1 Mechanic 1 | . . . . . 1 Operator 3 | . 3 . . . . Watcher 2 | . 2 . . . . Swarmer 7 | . 3 . . . 4 Cutter 3 | . . . . . 3 Grunt 19 | . 13 . . . 6 Sentry 3 | . . . . . 3 Specialist 1 | . . . . . 1 Best Kill Streak 9 | . 4 . . . 9 Combat Bots Only 8 | . 3 . . . 8 Max Kills in Single Turn 4 | . 1 . . . 4 Gunslinging . | . . . . . . Exploded 4 | . . . . . 4 Melee 1 | . . . . . 1 Uniques/NPCs Destroyed . | . . . . . . Combat | -11 -10 -10 -10 -9 -8 -------- Run | Jun Mat Min Exi Min Mat Damage Taken 3295 | . 1086 . . . 2209 Core 763 | . 198 . . . 565 Absorbed by Shields . | . . . . . . Regen/Repaired (Parts) 42 | . 42 . . . . Core Remaining (%) 60 | 100 . . . 20 . Volleys Fired 150 | . 101 . . . 49 Largest 2 | . 2 . . . 2 Hottest 128 | . 95 . . . 128 Shots Fired 289 | . 202 . . . 87 Gun 134 | . 97 . . . 37 Cannon 152 | . 105 . . . 47 Launcher 3 | . . . . . 3 Special . | . . . . . . Kinetic 250 | . 194 . . . 56 Thermal 36 | . 8 . . . 28 Explosive 3 | . . . . . 3 Electromagnetic . | . . . . . . Robot Hit Streak 14 | . 11 . . . 14 Robot Miss Streak 6 | . 6 . . . 6 Penetration Max . | . . . . . . Secondary Targets . | . . . . . . Shots Hit Robots 191 | . 118 . . . 73 Core Hits 70 | . 39 . . . 31 Critical Kills 1 | . 1 . . . . Critical Parts Destroyed . | . . . . . . Critical Strikes 4 | . 2 . . . 2 Destroy 1 | . 1 . . . . Blast 1 | . 1 . . . . Sever 2 | . . . . . 2 Melee Attacks 17 | . . . . . 17 Impact . | . . . . . . Slashing 17 | . . . . . 17 Piercing . | . . . . . . Sneak Attacks 2 | . . . . . 2 Combat Hostiles . | . . . . . . Follow-up Attacks . | . . . . . . Damage Inflicted 3951 | 1 1679 . . . 2271 Guns 925 | . 633 . . . 292 Cannons 1713 | . 1034 . . . 679 Explosions 514 | . . . . . 514 Melee 786 | . . . . . 786 Ramming 13 | 1 12 . . . . Kinetic 2192 | . 1597 . . . 595 Thermal 446 | . 70 . . . 376 Explosive 514 | . . . . . 514 Electromagnetic . | . . . . . . Impact . | . . . . . . Slashing 786 | . . . . . 786 Piercing . | . . . . . . Highest Corruption 23 | . . . . . 23 Average Corruption 12 | . . . . . 12 Corruption Purged . | . . . . . . Corruption Blocked . | . . . . . . Effects 8 | . . . . . 8 Message Errors 2 | . . . . . 2 Matter Fused 3 | . . . . . 3 Energy Discharges 2 | . . . . . 2 Misfires 1 | . . . . . 1 Overload Shots . | . . . . . . Overflow Damage 77 | . 3 . . . 74 Projectiles 3 | . 3 . . . . Explosions . | . . . . . . Melee 74 | . . . . . 74 Knockbacks 9 | . 7 . . . 2 Impact . | . . . . . . Kinetic 9 | . 7 . . . 2 Secondary . | . . . . . . Self-Inflicted Damage 34 | . . . . . 34 Shots 1 | . . . . . 1 Rammed 4 | 1 3 . . . . Targets Rammed 4 | 1 3 . . . . Kicked . | . . . . . . Crushed . | . . . . . . Highest Temperature 363 | . 146 . . . 363 Average Temperature 70 | . 47 . . . 119 Received Heat Transfer 1179 | . 549 . . . 630 Effects 1 | . . . . . 1 Energy Bleed 1 | . . . . . 1 Siege Activations . | . . . . . . Robots Corrupted . | . . . . . . Combat Hostiles . | . . . . . . Parts Fried . | . . . . . . Impact Corruptions . | . . . . . . Robots Melted . | . . . . . . Combat Hostiles . | . . . . . . Parts Melted 1 | . . . . . 1 Heat Transferred 851 | . 148 . . . 703 Parts Sabotaged . | . . . . . . Parts Stolen . | . . . . . . Parts Stripped . | . . . . . . Power Chain Reactions . | . . . . . . Missiles Intercepted . | . . . . . . Alert | -11 -10 -10 -10 -9 -8 ------- Run | Jun Mat Min Exi Min Mat Peak Influence 357 | . 182 36 . . 357 Initial 36 | . . 36 . . . Average 63 | . 76 36 . . 66 Maximum Alert Level 1 | . . . . . 1 Low Security (%) 94 | 100 100 100 . 100 84 Level 1 5 | . . . . . 15 Level 2 . | . . . . . . Level 3 . | . . . . . . Level 4 . | . . . . . . Level 5 . | . . . . . . High Security . | . . . . . . Max Security . | . . . . . . Squads Dispatched 10 | . 4 . . . 6 Investigation 2 | . 2 . . . . Extermination . | . . . . . . Reinforcement 5 | . 2 . . . 3 Assault . | . . . . . . Garrison 3 | . . . . . 3 Intercept . | . . . . . . Searches Triggered . | . . . . . . Construction Impeded . | . . . . . . Haulers Reinforced . | . . . . . . Active Scanning Responses . | . . . . . . Cargo Convoy Interrupts . | . . . . . . Stealth | -11 -10 -10 -10 -9 -8 --------- Run | Jun Mat Min Exi Min Mat Distress Signals 2 | . . . . . 2 Communications Jammed . | . . . . . . Distress Signals . | . . . . . . Times Spotted 56 | . 29 . . . 27 Peak Tracking Total 8 | . 4 . . . 8 Tactical Retreats 3 | . . . . . 3 Traps | -11 -10 -10 -10 -9 -8 ------- Run | Jun Mat Min Exi Min Mat Traps Triggered 3 | . 1 . . . 2 Indirectly . | . . . . . . Trap Hack Attempts . | . . . . . . Triggered . | . . . . . . Disarmed . | . . . . . . Reprogrammed . | . . . . . . Reused . | . . . . . . Traps Extracted . | . . . . . . Installed . | . . . . . . Triggered . | . . . . . . Machines | -11 -10 -10 -10 -9 -8 ---------- Run | Jun Mat Min Exi Min Mat Machines Disabled 4 | . 2 . . . 2 Max in Single Turn 1 | . 1 . . . 1 Machines Repaired . | . . . . . . Machines Sabotaged . | . . . . . . Overloaded Fab Kills . | . . . . . . Hacking | -11 -10 -10 -10 -9 -8 --------- Run | Jun Mat Min Exi Min Mat Machines Accessed 11 | . 3 . 3 . 5 Terminals 4 | . 2 . . . 2 Fabricators . | . . . . . . Repair Stations 1 | . 1 . . . . Recycling Units 1 | . . . . . 1 Scanalyzers 2 | . . . . . 2 Garrison Access . | . . . . . . Total Hacks 28 | . 9 . 3 . 16 Successful 22 | . 7 . 3 . 12 Failed 6 | . 2 . . . 4 Catastrophic 1 | . 1 . . . . Database Lockouts . | . . . . . . Manual 13 | . 6 . 1 . 6 Terminals 12 | . 6 . . . 6 Fabricators . | . . . . . . Repair Stations 3 | . 3 . . . . Recycling Units 2 | . . . . . 2 Scanalyzers 8 | . . . . . 8 Garrison Access . | . . . . . . Terminal Hacks 6 | . 2 . 3 . 1 Record 2 | . . . 2 . . Part Schematic 1 | . 1 . . . . Robot Analysis 1 | . . . . . 1 Recall Reinforcements 1 | . 1 . . . . EX-Prototype ID Bank 1 | . . . 1 . . Fabricator Hacks . | . . . . . . Repair Station Hacks 3 | . 3 . . . . Scan Component 1 | . 1 . . . . Repair 1 | . 1 . . . . Refit 1 | . 1 . . . . Recycling Unit Hacks 2 | . . . . . 2 Retrieve Components 2 | . . . . . 2 Scanalyzer 8 | . . . . . 8 Insert Component 4 | . . . . . 4 Analyze 4 | . . . . . 4 Garrison Access Hacks . | . . . . . . Unauthorized Hacks 3 | . 2 . . . 1 Terminals 3 | . 2 . . . 1 Botnet 1 | . 1 . . . . Operators 2 | . 1 . . . 1 Fabricators . | . . . . . . Repair Stations . | . . . . . . Recycling Units . | . . . . . . Scanalyzers . | . . . . . . Garrison Access . | . . . . . . Data Cores Recovered 1 | . 1 . . . . Used . | . . . . . . Hacking Detections 5 | . 1 . . . 4 Full Trace Events 1 | . 1 . . . . Feedback Events . | . . . . . . Feedback Blocked . | . . . . . . Robot Schematics Acquired . | . . . . . . Robots Built . | . . . . . . Authchips . | . . . . . . Time . | . . . . . . Total Robot Build Rating . | . . . . . . Part Schematics Acquired 5 | . 1 . . . 4 Parts Built . | . . . . . . Authchips . | . . . . . . Time . | . . . . . . Total Part Build Rating . | . . . . . . Parts Repaired 1 | . 1 . . . . Time 26 | . 26 . . . . Parts Recycled . | . . . . . . Recycled Matter . | . . . . . . Retrieved Matter . | . . . . . . Retrieved Components . | . . . . . . Parts Scanalyzed 4 | . . . . . 4 Part Schematics Acquired 4 | . . . . . 4 Parts Damaged . | . . . . . . Bothacking | -11 -10 -10 -10 -9 -8 ------------ Run | Jun Mat Min Exi Min Mat Used RIF Installer . | . . . . . . Robots Hacked . | . . . . . . Non-combat . | . . . . . . Combat . | . . . . . . Robot Hacks Applied . | . . . . . . Relay Couplers Released . | . . . . . . Fabnet Peak Effective % . | . . . . . . Robots Rewired . | . . . . . . Allies Hacked . | . . . . . . Hacks Repelled . | . . . . . . Allies | -11 -10 -10 -10 -9 -8 -------- Run | Jun Mat Min Exi Min Mat Total Allies . | . . . . . . Largest Group . | . . . . . . Highest-Rated Group . | . . . . . . Highest-Rated Ally . | . . . . . . Total Orders . | . . . . . . Ally Attacks . | . . . . . . Total Damage . | . . . . . . Kills . | . . . . . . Allies Corrupted . | . . . . . . Allies Melted . | . . . . . . Intel | -11 -10 -10 -10 -9 -8 ------- Run | Jun Mat Min Exi Min Mat Robot Analysis Total 1 | . . . . . 1 Derelict Logs Recovered 2 | . . 1 . 1 . Drone Launches . | . . . . . . Drone Recoveries . | . . . . . . Exploration | -11 -10 -10 -10 -9 -8 ------------- Run | Jun Mat Min Exi Min Mat Turns Passed 3626 | 74 1490 192 459 223 1188 Spaces Moved 1753 | 41 700 121 287 138 466 Core 7 | 4 . . . . 3 Treads 1710 | 37 700 121 287 138 427 Legs 24 | . . . . . 24 Wheels 12 | . . . . . 12 Hover . | . . . . . . Flight . | . . . . . . Fastest Speed 50 | 50 160 160 160 160 110 Average Speed 162 | 149 160 160 160 160 168 Slowest Speed 400 | 160 160 160 160 160 400 Overloaded Moves . | . . . . . . Propulsion Burnouts . | . . . . . . Robots Hopped . | . . . . . . Cave-ins Triggered . | . . . . . . Exploration Rate (%) 46 | 4 98 49 63 28 34 Regions Visited 5 Branch Regions 3 Pre-discovered Areas . | . . . . . . Known Exits Taken . | . . . . . . Unknown Exits Taken 5 | 1 1 1 1 1 . Scrap Searched 1 | . . . . 1 . Spaces Dug 2 | . . . . . 2 Terrain Destroyed 36 | . . . . . 36 Melee 2 | . . . . . 2 Projectile 4 | . . . . . 4 AOE 30 | . . . . . 30 Terrain Rammed . | . . . . . . Walls Destroyed . | . . . . . . Machines Disabled . | . . . . . . Actions | -11 -10 -10 -10 -9 -8 --------- Run | Jun Mat Min Exi Min Mat Total 2235 | 50 874 120 287 140 764 Wait 230 | . 40 . . . 190 Move 1748 | 40 699 120 286 137 466 Hop . | . . . . . . Pick Up 20 | 3 6 . 1 3 7 Fast Attach 25 | 6 5 . . . 14 Attach 9 | . 1 . . . 8 Detach 2 | . 2 . . . . Swap 17 | . 10 . . . 7 Drop 13 | . 7 . . . 6 Fire 150 | . 101 . . . 49 Melee 17 | . . . . . 17 Ram . | . . . . . . Kick . | . . . . . . Crush 4 | 1 3 . . . . Escape Stasis . | . . . . . . Rewire . | . . . . . . Trap . | . . . . . . Miscellaneous . | . . . . . . Route ------- -11/Junkyard -10/Materials (discovered 5 exits: *Mat x3 / [*Min x2]) -10/Mines (discovered 2 exits: *Mat / *Exi) -10/Exiles -9/Mines -8/Materials (discovered 1 exit: [*Fac]) History --------- Turn | Location | Event 3 | -11/Junkyard | Discovered new exit (range 15) 75 | -11/Junkyard | Entered Materials 341 | -10/Materials | Build established: Mutant 464 | -10/Materials | Discovered new exit (range 16) 781 | -10/Materials | Discovered new exit (range 11) 866 | -10/Materials | Discovered new exit (range 16) 1046 | -10/Materials | Repaired Lgt. Cannon 1141 | -10/Materials | Discovered new exit (range 15) 1294 | -10/Materials | Discovered new exit (range 11) 1321 | -10/Materials | Core integrity fell below 50% 1565 | -10/Materials | Entered Mines 1580 | -10/Mines | Identified exit to Materials 1647 | -10/Mines | Found a hidden stash of uninstalled traps 1751 | -10/Mines | Deemed a non-threat by the Exiles lab entrance 1751 | -10/Mines | Discovered new exit (range 5) 1757 | -10/Mines | Entered Exiles 1797 | -10/Exiles | Met 8R-AWN 1825 | -10/Exiles | Met EX-HEX 1868 | -10/Exiles | Met EX-BIN 1908 | -10/Exiles | Aligned with FarCom system 1909 | -10/Exiles | Given EX-Vault access code 1946 | -10/Exiles | Opened EX-Vault 1956 | -10/Exiles | Found Longsword +1 2011 | -10/Exiles | Warned to stay clear of 0b10 Research branches 2115 | -10/Exiles | Met EX-DEC 2198 | -10/Exiles | Discovered new exit (range 14) 2216 | -10/Exiles | Left Exiles lab with Longsword +1 2216 | -10/Exiles | Entered Mines 2278 | -9/Mines | Discovered new exit (range 16) 2330 | -9/Mines | Received a Rocket Launcher from a helpful Derelict 2439 | -9/Mines | Entered Materials 2439 | -8/Materials | Evolved 4 slots: Propulsion x2, Utility x2 2710 | -8/Materials | Lost 3 parts (1p1u1w) 3239 | -8/Materials | Garrison activated, responded to threat 3462 | -8/Materials | Garrison activated, responded to threat 3466 | -8/Materials | Discovered new exit (range 13) 3468 | -8/Materials | Destroyed 8 combat bots 3480 | -8/Materials | Core integrity fell below 50% 3524 | -8/Materials | Core integrity fell below 20% 3529 | -8/Materials | System corruption reached 10% 3560 | -8/Materials | Lost 11 parts (1p5n1u4w) 3627 | -8/Materials | Destroyed by X-62 Marksman with Pulse Rifle Last Messages --------------- 03602_ System corrupted: Energy discharge (-36). 03603_ ALERT: Suspicious intruders detected, dispatching Specialist reinforcements to area. 03603_ Acquired 4 matter. 03603_ U-05 Engineer lays Concrete. 03604_ Acquired 19 matter. 03605_ U-05 Engineer lays Concrete. 03606_ Acquired Surge Thruster. 03607_ U-05 Engineer builds a Wall. 03617_ System corrupted: Matter fused (-9). 03617_ Penetrated by Slug. 03618_ X-62 Marksman Imp. Carbon-fiber Leg severed. 03621_ Critical hit (Burn: +37). 03622_ G-47 Trooper destroyed. 03624_ Penetrated by Slug. 03624_ U-05 Engineer lays Concrete. 03626_ X-62 Marksman destroyed. 03627_ U-05 Engineer lays Concrete. 03627_ Penetrated by Slug. 03627_ Critical hit (Burn: +37). Map ----- +----------------------------------------------------+ | ############+######??# ] + | | ????????# #??#[ # | | ????????# ! #??# """ """ # | | ????????# ! #??# """ """ # | | ????????# #??# """ """ # | | ????????# "" """ #??########### | | ????????# S"" """ #?????# ! # | | ????????# "" """ #?????# # | | ????????# #?????# "" # | | ?############+########### """ + | | ?# # + ! # S" # | | ?# # # ! # # | | ?# # # ######## | | ?# +! + #??????# | | ?# u # # #??????# | | ?# # #= """ #??????# | | ?# # # """ #??????# | | ?# # # """ #??????? | | ?######;#### # #??????? | | ??????# ##?# ##########??????? | | ??????# #??# #???????????????? | | ??????# #### !*#???????????????? | | ??##### #!|# |%###?????????????? | | ??# % # #=%# =# #?????????????? | | ??## #[#### ##??????????????? | | ???# %#@%*/]% # #?????????????? | | ???# #=%%###=[ # #?????????????? | | ??#";x!%== =%![[ #????????????? | | ??# !!H =# =%= #????????????? | | ??# T # % ##????????????? | | ??# #% #?????????????? | | ??# ????????????? | | ??# ????????????? | | ??# "" # ???????????? | | ??# """ # #####???????????? | | ??# """ #? #???????????????? | | ??# !#?< #???????????????? | | ??###??#####?? #???????????????? | | ???????????????????????????????? | | ???????????????????????????????? | | ???????????????????????????????? | | ???????????????????????????????? | | ???????????????????????????????? | | ???????????????????????????????? | | ???????????????????????????????? | | ???????????????????????????????? | | ???????????????????????????????? | | ???????????????????????????????? | | ???????????????????????????????? | | ???????????????????????????????? | +----------------------------------------------------+ Best States ------------- Heat Dissipation 45 Energy Generation 14 Energy Capacity 275 Matter Stores 300 Matter Capacity 300 Sight Range 16 Terrain Scan Density 10 Armor Coverage 225 Evasion (%) 40 Targeting Accuracy 8 Recoil Reduction 4 Offensive Hacking 10 Item Schematics ----------------- Huge Storage Unit | -10/Materials | Hacked Imp. Flight Unit | -8/Materials | Scanalyzed Med. Storage Unit | -8/Materials | Scanalyzed Rocket Launcher | -8/Materials | Scanalyzed Melee Analysis Suite | -8/Materials | Scanalyzed Robot Schematics ------------------ None Fabricated ------------ Nothing Alien Tech Used ----------------- None Achievements -------------- None Challenges ------------ None Game ------ Seed ChipTerrainDrive Manual? 0 Play Time 00:19:50 Cumulative 67.5 hours Start 2023.12.16 @ 15:42:06 End 2023.12.16 @ 16:05:25 Sessions 1 Manual Loads 0 Difficulty Rogue Special Mode None Game No. 95 Rogue 95 Adventurer 0 Explorer 0 Win Type - Total 1 Types 1/0/0/0/0/0/0/0/0 Lore% 37 Gallery% 47 Achievement% 42 Wizard Run 0 Options --------- ASCII 0 Keyboard 1 Movement Numpad Keybinds 0 Fullscreen 2 Font 18/SmallcapsGlow Map View 76x50 Tactical HUD 1 Map Filters NONE Filters NONE Steam 1 RUN: 24b4b20d-97b8-4653-bafc-a7c15d560672